 Dungeon Crawl Stone Soup version 0.28-a0-1130-gc51a68064b (webtiles) character file.

Game seed: 15835638893464728879

742 ytrimaz the Insei (level 7, -1/46 HPs)
             Began as an Octopode Transmuter on Dec 12, 2021.
             Was an Initiate of Ashenzari.
             Slain by a water moccasin zombie (6 damage)
             ... on level 5 of the Dungeon.
             The game lasted 00:05:27 (5717 turns).

ytrimaz the Insei (Octopode Transmuter)             Turns: 5717, Time: 00:05:28

Health: -1/46      AC:  2    Str:  9    XL:     7   Next: 76%
Magic:  12/13      EV: 19    Int: 18    God:    Ashenzari [......]
Gold:   199        SH:  0    Dex: 17    Spells: 4/14 levels left

rFire   + . .      SeeInvis .     - Unarmed
rCold   . . .      Faith    .   (shield currently unavailable)
rNeg    . . .      Spirit   .   (helmet currently unavailable)
rPois   x          Reflect  .   (no amulet)
rElec   .          Harm     .   a - ring of protection from fire
rCorr   .          Rampage  .   (no ring)
Will    .....                   (no ring)
Stlth   +++.......              (no ring)
HPRegen 0.15/turn               (no ring)
MPRegen 0.13/turn               (no ring)
                                (no ring)
                                (no ring)

@: spider-form (expiring)
A: venomous fangs, almost no armour, (amphibious), 8 rings, tiny, (camouflage
1), (gelatinous body 1), (nimble swimmer 1), (tentacles)
a: End Transformation, Renounce Religion


You were on level 5 of the Dungeon.
You worshipped Ashenzari.
Ashenzari was noncommittal.
You were a venomous arachnid creature.
You visited 2 branches of the dungeon, and saw 8 of its levels.

You collected 199 gold pieces.

Inventory:

Armour
 c - a +2 hat (melded)
Jewellery
 a - a ring of protection from fire (left front leg)
Wands
 f - a wand of mindburst (24)
 g - a wand of digging (7)
Scrolls
 d - a scroll of immolation {unknown}
Potions
 b - 2 potions of attraction {unknown}
 e - a potion of curing


   Skills:
 * Level 3.0 Fighting
 - Level 2.0 Dodging
 * Level 4.7 Stealth
 + Level 5.2 Unarmed Combat
 * Level 4.1 Spellcasting
 * Level 4.0 Transmutations


You had 4 spell levels left.
You knew the following spells:

 Your Spells              Type           Power      Damage    Failure   Level
a - Beastly Appendage     Tmut           36%        N/A       10%         1
b - Wereblood             Tmut           18%        N/A       13%         2
c - Spider Form           Tmut/Pois      10%        N/A       38%         3
d - Ice Form              Ice/Tmut       10%        N/A       75%         4

Your spell library contained the following spells:

 Spells                   Type           Power      Damage    Failure   Level
 Iskenderun's Battlesphe  Conj           3%         2d6       99%         5
 Iron Shot                Conj/Erth      1%         9d1       100%        6
 Spellforged Servitor     Conj/Summ      1%         N/A       100%        7


Dungeon Overview and Level Annotations

Branches:
Dungeon (7/15)             Temple (1/1) D:5

Altars:
Ashenzari
Cheibriados
Dithmenos
Elyvilon
Gozag
Hepliaklqana
Kikubaaqudgha
Makhleb
Nemelex Xobeh
Okawaru
Qazlal
Ru
Sif Muna
Trog
Uskayaw
Vehumet
Wu Jian
Yredelemnul
Zin
The Shining One

Shops:
D:6 ?


Innate Abilities, Weirdness & Mutations

You are a venomous arachnid creature.
You have poisonous fangs.
You are tiny and dextrous.
Your spellcasting is less reliable in this form.
Your armour is entirely melded.
You are incapable of wielding weapons or throwing items.
You cannot wear most types of armour.
((You are amphibious.))
You can wear up to eight rings at the same time.
((Your skin changes colour to match your surroundings (Stealth+).))
((Your rubbery body absorbs attacks. (AC +1, EV +1)))
((You are camouflaged near water. (Stealth+)))
((You have tentacles for arms and can constrict up to eight enemies at once.))


Message History

The black bear is lightly wounded.
The black bear bites you. The black bear barely misses you.
The black bear claws you.
You hit the black bear.
The black bear looks as sick as possible!
The black bear is moderately wounded.
The black bear misses you. The black bear completely misses you.
The black bear misses you.
You hit the black bear.
The black bear looks as sick as possible!
The black bear is heavily wounded.
The black bear barely misses you. The black bear claws you.
The black bear completely misses you.
You hit the black bear but do no damage.
The black bear looks as sick as possible!
The black bear is heavily wounded.
Unknown command.
You hit the black bear.
The black bear looks as sick as possible!
The black bear is severely wounded.
Your transformation is almost over.
The black bear bites you. The black bear claws you.
The black bear closely misses you.
You hit the black bear.
The black bear looks as sick as possible!
The black bear is almost dead.
You kill the black bear!
Your Fighting skill increases to level 3!
Your Transmutations skill increases to level 4!
Unknown command.
You are too injured to fight recklessly!
You enter the shallow water.
Moving in this stuff is going to be slow.
A water moccasin zombie comes into view.
The water moccasin zombie bites you!
* * * LOW HITPOINT WARNING * * *
The water moccasin zombie bites you.
* * * LOW HITPOINT WARNING * * *
The water moccasin zombie bites you.
You die...

##########
##≈≈≈≈...s##
##.########Z##
#.##≈≈... ##≈#
#.#≈S(P≈. #≈#
#.#≈.$... #.#
#.#S≈(.P. #.#
##≈##≈≈.P. ..#
##≈########
.## #≈##≈[.P.
≈


You could see a water moccasin zombie.

Vanquished Creatures
  A water moccasin (D:5)
  A black bear (D:5)
  An ogre (D:5)
  A bullfrog (D:7)
  A wyvern zombie (D:7)
  A howler monkey (D:5)
  A centaur zombie (D:7)
  A bullfrog skeleton (D:5)
  An iguana (D:5)
  Jessica (D:3)
  An orc wizard (D:5)
  3 adders
  3 gnolls (D:3)
  An ufetubus (D:3)
  An adder skeleton (D:4)
  12 dart slugs
  A worm (D:2)
  5 orcs (D:3)
  An endoplasm (D:3)
  3 giant cockroaches
  7 goblins
  5 hobgoblins
  2 quokkas
  3 ball pythons (D:1)
  4 bats
  8 frilled lizards
  3 kobolds
  10 rats
83 creatures vanquished.

Vanquished Creatures (others)
  A plant (D:1)
1 creature vanquished.

Grand Total: 84 creatures vanquished

Notes
Turn   | Place    | Note
-------+----------+-------------------------------------------
     0 | D:1      | ytrimaz the Octopode Transmuter began the quest for the
                  | Orb.
     0 | D:1      | Reached XP level 1. HP: 13/13 MP: 3/3
   173 | D:1      | Reached XP level 2. HP: 18/18 MP: 3/5
   889 | D:1      | Reached XP level 3. HP: 23/23 MP: 4/6
   892 | D:1      | Learned a level 2 spell: Wereblood
   897 | D:1      | Learned a level 3 spell: Spider Form
  1500 | D:1      | Reached skill level 1 in Stealth
  1650 | D:2      | Found a faded altar of an unknown god.
  2414 | D:3      | Reached XP level 4. HP: 23/28 MP: 5/7
  2522 | D:3      | Noticed Jessica
  2528 | D:3      | Killed Jessica
  2907 | D:3      | Reached XP level 5. HP: 34/34 MP: 4/9
  3586 | D:3      | Learned a level 4 spell: Ice Form
  3635 | D:4      | You fall into a shaft and drop 3 floors!
  3645 | D:7      | Reached skill level 4 in Unarmed Combat
  3645 | D:7      | Reached XP level 6. HP: 24/39 MP: 8/10
  4612 | D:6      | Found Tofoe's Magic Scroll Emporium.
  4652 | D:5      | Entered Level 5 of the Dungeon
  4652 | D:5      | Found a staircase to the Ecumenical Temple.
  4670 | Temple   | Entered the Ecumenical Temple
  5077 | Temple   | Became a worshipper of Ashenzari the Shackled
  5156 | D:5      | Noticed a water moccasin
  5166 | D:5      | Killed a water moccasin
  5167 | D:5      | Reached XP level 7. HP: 28/45 MP: 12/12
  5544 | D:5      | Reached skill level 5 in Unarmed Combat
  5717 | D:5      | Slain by a water moccasin zombie

Illustrated notes

Levels and vault maps discovered:
D:1:      lightli_arrival_flooded_house, layout_loops_corners, serial_forest,
          infiniplex_forest_clump_large, infiniplex_forest_lined_1,
          infiniplex_forest_clump_curved, infiniplex_forest_end_2,
          infiniplex_forest_fountain
D:2:      layout_loops_ring, ebering_ecumenical_altar_hall
D:3:      kennysheep_slugbush, layout_basic, uniq_jessica
D:4:      layout_cave_pools, lemuel_doored_altar, minmay_misc_feat_pillars
D:5:      cheibrodos_two_vegetables, layout_basic, temple_pool_b,
          roderic_lattice_a, hex_medium
D:6:      layout_basic, roderic_filled_cross, minmay_liquid_box,
          nicolae_stop_n_shop_2, grunt_decor_junction, uniq_maggie,
          uniq_blork_the_orc
D:7:      layout_cave_pods, minmay_crystal_room
Temple:   mainiacjoe_temple_big_plus

Skill      XL: |  1  2  3  4  5  6  7 |
---------------+----------------------+-----
Stealth        | 1 2 3 4 |  4.7
Spellcasting   | 3 4 |  4.1
Transmutations | 3 4 |  4.0
Fighting       | 2 3 |  3.0
Unarmed Combat | 4 5 |  5.2
Dodging        | |  2.0

Action                   |  1- 3 |  4- 6 |  7- 9 || total
-------------------------+-------+-------+-------++-------
Melee: Unarmed           |    91 |    99 |    37 ||   227
       Constrict         |    28 |    23 |     3 ||    54
       Kick              |    27 |    18 |     3 ||    48
       Tentacles         |    14 |    17 |     3 ||    34
       Punch             |     1 |     2 |     1 ||     4
 Cast: Beastly Appendage |    28 |    14 |     3 ||    45
       Spider Form       |       |     2 |     4 ||     6
Evoke: Wand              |       |     3 |       ||     3
  Use: Scroll            |     2 |     2 |       ||     4
       Potion            |       |     2 |       ||     2
 Stab: Sleeping          |     9 |     3 |     2 ||    14
Armor: Skin              |     7 |    16 |     2 ||    25
Dodge: Dodged            |    46 |    79 |    26 ||   151

Table legend: (Time is in decaauts)
 A = Elapsed time spent in this place.
 B = Non-inter-level travel time spent in this place.
 C = Inter-level travel time spent in this place.
 D = Time resting spent in this place.
 E = Time spent auto-exploring this place.
 F = Levels seen in this place.
 G = Mean time per level.
                   A        B        C        D        E       F      G
               +--------+--------+--------+--------+--------+-----+--------+
         Total |   5700 |   5548 |    152 |    782 |   3946 |   8 |  712.5 |
       Dungeon |   5255 |   5140 |    115 |    782 |   3560 |   7 |  750.7 |
        Temple |    445 |    408 |     37 |      0 |    386 |   1 |  445.0 |
               +--------+--------+--------+--------+--------+-----+--------+

Top non-repeatable levels by time:
     D:1: 1646 daAuts
     D:3: 1249 daAuts
     D:7: 911 daAuts
     D:2: 701 daAuts
     D:5: 617 daAuts
  Temple: 445 daAuts
     D:6: 102 daAuts
     D:4: 25 daAuts
